Map: 프라이드 오브 알타리스 - 래더

Players

DRG

  • Race: Zerg Zerg

DPGDark (Dark) - Winner!

  • Race: Zerg Zerg
  • League: Master

Event: DreamHack SC2 Masters Last Chance 2022

VOD

Have the link to the VOD?

Description

Time

  • Played on: Dec. 15, 2021, 7:19 a.m.
  • Length: 11:41

All games in this series

Show
View Real Time Build Order
Export as new Build Order

DRG Zerg 

Build Orders: Pool First 

Get SALT Encoding   

  12  0:00  Drone  
  13  0:09  Drone  
  14  0:15  Drone, Extractor  
  14  0:31  Spawning Pool  
  14  0:34  Drone  
  14  0:44  Overlord  
  14  0:48  Extractor  
  13  0:51  Drone  
  15  1:03  Drone  
  16  1:17  Metabolic Boost  
  16  1:18  Zergling x6  
  19  1:28  Queen  
  19  1:32  Zergling x2  
  22  1:40  Overlord  
  22  1:59  Zergling x2  
  23  2:03  Hatchery  
  23  2:08  Zergling x2  
  23  2:15  Zergling x2  
  23  2:21  Queen  
  26  2:27  Zergling x2  
  27  2:35  Zergling x2  
  25  2:44  Zergling x6  
  28  2:55  Drone  
  28  3:04  Baneling Nest  
  28  3:05  Drone  
  28  3:13  Overlord  
  28  3:14  Drone  
  28  3:16  Drone  
  28  3:17  Drone  
  28  3:19  Drone  
  32  3:26  Drone  
  33  3:27  Drone  
  34  3:36  Zergling x2  
  34  3:39  Drone  
  36  3:46  Zergling x6  
  36  3:48  Zergling x2  
  40  3:52  Zergling x2  
  41  3:57  Baneling x2  
  41  3:58  Baneling x4  
  41  4:01  Zergling x2  
  42  4:04  Zergling x2  
  42  4:06  Zergling x2  
  43  4:13  Overlord  
  43  4:23  Zergling x4  
  43  4:26  Overlord  
  43  4:34  Zergling x2  
  43  4:36  Zergling x2  
  43  4:40  Zergling x4  
  43  4:42  Zergling x2  
  43  4:44  Zergling x2  
  43  4:45  Zergling x2  
  48  4:48  Zergling x2  
  47  5:00  Baneling  
  47  5:01  Baneling x8  
  47  5:02  Zergling x2  
  47  5:06  Zergling x2  
  49  5:08  Zergling x2  
  49  5:12  Zergling x2  
  49  5:13  Zergling x2  
  52  5:15  Baneling  
  52  5:18  Zergling x2  
  52  5:23  Zergling x4  
  52  5:26  Zergling x2  
  52  5:33  Baneling  
  42  5:36  Zergling x6  
  42  5:39  Zergling x2  
  42  5:40  Zergling x2  
  43  5:47  Zergling x4  
  43  5:49  Zergling x2  
  41  5:51  Zergling x2  
  41  5:54  Zergling x2  
  41  5:56  Zergling x2  
  41  5:59  Zergling x2  
  41  6:00  Baneling  
  41  6:04  Zergling x2  
  42  6:07  Zergling x2  
  43  6:11  Zergling x2  
  43  6:14  Zergling x2  
  45  6:19  Zergling x4  
  45  6:23  Zergling x2  
  48  6:26  Zergling x2  
  48  6:28  Zergling x2  
  48  6:31  Zergling x4  
  49  6:35  Baneling x2  
  49  6:38  Zergling x4  
  49  6:41  Zergling x2  
  49  6:45  Zergling x2  
  45  6:47  Zergling x2  
  45  6:51  Drone  
  45  6:53  Drone  
  44  6:54  Drone  
  41  7:01  Drone  
  41  7:02  Drone  
  41  7:06  Baneling x2  
  41  7:07  Drone  
  41  7:11  Drone  
  41  7:12  Drone  
  41  7:14  Drone  
  44  7:16  Drone  
  45  7:23  Lair  
  45  7:26  Drone  
  45  7:29  Extractor  
  45  7:31  Drone  
  45  7:32  Drone  
  45  7:33  Drone  
  45  7:36  Drone  
  49  7:38  Drone x2  
  49  7:39  Baneling  
  49  7:41  Drone  
  49  7:43  Drone  
  53  7:46  Extractor  
  53  7:47  Baneling x2, Extractor  
  53  7:49  Drone  
  53  7:51  Drone  
  53  7:52  Drone  
  53  7:56  Drone  
  53  7:58  Drone x2  
  56  8:01  Drone  
  56  8:04  Overlord  
  56  8:05  Baneling  
  57  8:15  Drone x2  
  57  8:16  Drone  
  58  8:22  Spire, Overseer  
  57  8:28  Zergling x6  
  57  8:32  Zergling x4  
  62  8:37  Overlord  
  62  8:40  Overlord  
  62  8:52  Spine Crawler  
  62  8:53  Spine Crawler x2  
  57  8:59  Spine Crawler  
  57  9:00  Spine Crawler  
  55  9:04  Zergling x8  
  55  9:06  Baneling x2  
  55  9:08  Zergling x2  
  58  9:10  Zergling x2  
  53  9:34  Mutalisk x6  
  53  9:36  Mutalisk  
  67  9:40  Zergling x4  
  69  9:48  Mutalisk  
  67  10:04  Mutalisk x2  
  71  10:13  Hatchery  
  70  10:17  Overlord x2  
  70  10:19  Mutalisk x2  
  74  10:27  Overseer, Overlord  
  74  10:29  Drone  
  74  10:32  Overlord  
  75  10:36  Mutalisk  
  75  10:40  Drone x2  
  79  10:46  Drone  
  79  10:48  Drone  
  81  10:51  Drone x2  
  83  10:57  Mutalisk  
  85  11:07  Extractor  
  85  11:11  Extractor  
  79  11:13  Mutalisk x2  
  77  11:19  Drone x5  
Show
View Real Time Build Order
Export as new Build Order

DPGDark Zerg - Winner!

Build Orders: Hatch First 

Get SALT Encoding   

  12  0:00  Drone  
  13  0:12  Overlord  
  13  0:17  Drone  
  14  0:30  Drone x2  
  16  0:48  Hatchery  
  15  0:51  Drone  
  15  0:55  Drone  
  17  0:58  Drone  
  17  1:02  Extractor  
  17  1:14  Spawning Pool  
  17  1:17  Drone  
  17  1:20  Drone  
  18  1:30  Drone  
  19  1:40  Drone  
  20  1:58  Drone  
  20  2:01  Queen x2  
  23  2:02  Zergling x4  
  23  2:05  Spine Crawler  
  26  2:09  Metabolic Boost  
  26  2:15  Zergling x2  
  27  2:16  Zergling x2  
  28  2:36  Zergling x8  
  27  2:50  Queen, Spine Crawler  
  28  2:55  Overlord  
  27  3:01  Overlord  
  28  3:13  Queen  
  28  3:18  Zergling x8  
  34  3:24  Zergling x4  
  34  3:25  Zergling x2  
  37  3:29  Zergling x2  
  38  3:34  Overlord  
  38  3:38  Drone  
  39  3:52  Drone x4  
  43  4:01  Drone x4  
  47  4:04  Drone  
  46  4:20  Zergling x10  
  48  4:33  Drone x2  
  48  4:35  Drone x2  
  46  4:44  Drone  
  46  4:45  Drone x3  
  49  4:48  Drone  
  51  4:56  Drone  
  51  4:59  Overlord  
  52  5:02  Spine Crawler  
  51  5:11  Overlord  
  51  5:12  Drone  
  52  5:18  Zergling x8  
  56  5:23  Queen  
  57  5:34  Zergling x8  
  56  5:37  Queen  
  56  5:40  Drone  
  53  5:47  Baneling Nest  
  46  5:52  Drone  
  46  5:53  Drone  
  46  5:55  Drone  
  48  5:59  Queen  
  48  6:03  Overlord  
  48  6:05  Drone  
  49  6:14  Zergling x2  
  49  6:16  Overlord  
  50  6:21  Zergling x2  
  51  6:28  Zergling x8  
  51  6:32  Zergling x6  
  57  6:34  Baneling x2  
  54  6:41  Baneling x2  
  54  6:44  Zergling x6, Baneling x2  
  53  6:48  Baneling  
  53  6:54  Drone  
  54  6:55  Drone  
  54  6:56  Drone  
  54  6:58  Drone x2  
  57  7:08  Drone x2  
  57  7:11  Drone x2  
  60  7:18  Drone x2  
  60  7:19  Extractor  
  60  7:20  Drone  
  62  7:33  Hatchery  
  62  7:35  Drone x2  
  62  7:38  Drone x2  
  62  7:41  Extractor  
  63  7:48  Drone x2, Roach Warren  
  63  7:49  Baneling x4  
  64  7:52  Drone  
  64  7:53  Drone  
  66  8:00  Evolution Chamber  
  66  8:02  Drone x4  
  69  8:06  Drone  
  69  8:13  Drone x5  
  72  8:22  Overlord  
  71  8:27  Zerg Missile Weapons Level 1  
  71  8:28  Roach x3  
  77  8:36  Roach x2  
  77  8:39  Roach  
  77  8:41  Roach  
  85  8:43  Roach x2  
  85  8:45  Roach x2  
  93  8:49  Roach  
  93  8:54  Roach, Overlord  
  97  8:58  Lair  
  97  9:04  Overlord  
  97  9:07  Overlord  
  97  9:08  Drone  
  97  9:10  Drone, Extractor  
  97  9:14  Drone x2  
  97  9:15  Drone x3  
  97  9:16  Extractor  
  100  9:19  Overlord  
  100  9:20  Drone  
  100  9:21  Drone  
  100  9:23  Drone  
  99  9:27  Pneumatized Carapace  
  99  9:28  Queen  
  99  9:30  Drone x2  
  103  9:34  Drone x4  
  107  9:41  Spore Crawler, Extractor  
  107  9:44  Drone x2  
  107  9:49  Drone x3  
  107  9:50  Drone x3  
  113  9:53  Spore Crawler  
  113  9:58  Spore Crawler  
  111  10:00  Hydralisk Den  
  111  10:01  Glial Reconstitution  
  111  10:02  Overlord  
  111  10:03  Queen  
  111  10:05  Overlord  
  112  10:08  Overlord  
  112  10:09  Overlord  
  112  10:11  Spore Crawler  
  111  10:28  Hydralisk x5  
  111  10:29  Spore Crawler  
  111  10:31  Hatchery  
  119  10:35  Hydralisk  
  119  10:36  Hydralisk x2  
  119  10:37  Spore Crawler  
  119  10:42  Drone  
  125  10:47  Hydralisk x2  
  125  10:48  Hydralisk  
  131  10:51  Overlord  
  131  10:55  Overlord  
  131  10:58  Hydralisk x2  
  135  11:14  Hydralisk x4  
  137  11:19  Roach x3  
  153  11:34  Spore Crawler  

Tags
 
Add a new tag
Caveats
  • Supply blocks, unpowered buildings, or Contaminate may cause inaccurate times.
  • Supply counts are checked every 10 seconds.